 Dungeon Crawl Stone Soup version 0.22-b1-59-g0aedee7 (webtiles) character file.

270 Lew the Sneak (level 6, 0/42 HPs)
             Began as an Octopode Fighter on Aug 9, 2018.
             Was an Initiate of Gozag.
             Slain by a gnoll
             ... wielding a +0 spear
              (8 damage)
             ... on level 4 of the Dungeon.
             The game lasted 00:07:08 (2625 turns).

Lew the Sneak (Octopode Fighter)                    Turns: 2625, Time: 00:07:09

Health: 0/42       AC:  5    Str: 23    XL:     6   Next: 22%
Magic:  6/6        EV: 12    Int: 10    God:    Gozag
Gold:   523        SH: 10    Dex: 11    Spells: 5/5 levels left

rFire    . . .     SeeInvis .   a - +2 war axe
rCold    . . .     Gourm    .   b - +1 shield
rNeg     . . .     Faith    .   (helmet restricted)
rPois    .         Spirit   .   (no amulet)
rElec    .         Reflect  .   (no ring)
rCorr    .         Harm     .   (no ring)
MR       .....                  (no ring)
Stlth    ++........             (no ring)
HPRegen  0.14/turn              (no ring)
MPRegen  0.10/turn              (no ring)
                                (no ring)
                                (no ring)

@: mighty, gold aura, glowing
A: almost no armour, stealthy swim, amphibious, 8 rings, constrict 8, molten
scales 1, slimy green scales 1, camouflage 1, gelatinous body 1
a: Potion Petition, Call Merchant, Bribe Branch, Renounce Religion


You were on level 4 of the Dungeon.
You worshipped Gozag.
Gozag was pleased with you.
You were not hungry.

You visited 1 branch of the dungeon, and saw 4 of its levels.

You collected 543 gold pieces.
You paid 20 gold pieces to Gozag.

Inventory:

Hand Weapons
 a - a +2 war axe (weapon)
Armour
 b - a +1 shield (worn)
Jewellery
 l - an uncursed ring of see invisible
 r - a cursed -3 ring of dexterity {unknown}
Scrolls
 g - a scroll of blinking {unknown}
 h - 3 scrolls of remove curse {unknown}
 i - 2 scrolls of enchant weapon
 j - 2 scrolls of fog
 k - 2 scrolls of identify
 p - a scroll of random uselessness {unknown}
Potions
 c - a potion of might
 e - a potion of degeneration {unknown}
 f - 3 potions of lignification {unknown}
 m - 2 potions of curing
 n - a potion of haste {unknown}
 o - a potion of mutation
 q - 2 potions of flight {unknown}
Comestibles
 d - 3 rations


   Skills:
 + Level 3.6 Fighting
 + Level 2.7 Axes
 + Level 3.5 Dodging
 + Level 6.3 Stealth
 + Level 3.5 Shields


You had 5 spell levels left.
You didn't know any spells.
Your spell library was empty.

Dungeon Overview and Level Annotations

Branches:
Dungeon (4/15)             Temple (0/1) D:4

Altars:
Ashenzari
Gozag
Ru
Yredelemnul


Innate Abilities, Weirdness & Mutations

You cannot wear most types of armour.
You are very stealthy in the water. (Stealth+)
You are amphibious.
You can wear up to eight rings at the same time.
You can use your tentacles to constrict eight enemies at once.
Your skin changes colour to match your surroundings (Stealth+).
Your rubbery body absorbs attacks. (AC +1, EV +1)
You are partially covered in molten scales. (AC +2)
You are partially covered in slimy green scales. (AC +2)


Message History

Your grab misses the adder. Your squeeze misses the adder.
The adder is severely wounded.
The gnoll is no longer distracted by gold.
The gnoll barely misses you. The adder closely misses you.
The gnoll hits you from afar with a spear.
The adder bites you but does no damage.
You hit the adder. Your grab misses the adder. You squeeze the adder.
You kill the adder!
The gnoll closely misses you. The gnoll barely misses you.
The gnoll completely misses you.
The gnoll hits you from afar with a halberd.
The gnoll hits you but does no damage.
The gnoll hits you from afar with a halberd!
* * * LOW HITPOINT WARNING * * *
Things that are here:
13 gold pieces; a club; a robe You feel very mighty all of a sudden.
The gnoll hits you with a spear!
You die...
Your body crumbles into a pile of gold.

#.........⌠....
##......#.......
#........# #.+#
.........###..#
##.........##.#######
..........W##.#..#...
##...#....gg.......#
#...######g#.#....#
### #@#.#....#
#.....<..# ###.###..#
#(.....# #..###.#
#..###.### #........#
#.####.#.#
###.####.#...


You could see a phantom and 3 gnolls.

Vanquished Creatures
  A bullfrog skeleton (D:3)
  An orc wizard (D:3)
  A gnoll shaman (D:4)
  A hound skeleton (D:4)
  Robin (D:3)
  A gnoll (D:4)
  3 adders
  An ooze (D:1)
  An adder skeleton (D:4)
  2 worms (D:3)
  4 dart slugs
  2 leopard geckos
  8 orcs
  4 bats
  3 giant cockroaches (D:3)
  19 goblins
  10 hobgoblins
  A quokka (D:3)
  3 ball pythons
  9 frilled lizards
  11 kobolds
  8 rats
95 creatures vanquished.

Notes
Turn   | Place    | Note
-------+----------+-------------------------------------------
     0 | D:1      | Lew the Octopode Fighter began the quest for the Orb.
     0 | D:1      | Reached XP level 1. HP: 16/16 MP: 1/1
    74 | D:1      | Reached XP level 2. HP: 21/21 MP: 2/2
    76 | D:1      | Reached skill level 1 in Stealth
   248 | D:1      | Reached XP level 3. HP: 23/26 MP: 3/3
   599 | D:2      | Gained mutation: Your spells are a little harder to cast, but a little more powerful. [potion of mutation]
   599 | D:2      | Gained mutation: You are partially covered in slimy green scales. (AC +2) [potion of mutation]
   599 | D:2      | Lost mutation: Your spells are a little harder to cast, but a little more powerful. [potion of mutation]
   599 | D:2      | Gained mutation: You are partially covered in molten scales. (AC +2) [potion of mutation]
   629 | D:2      | Found an opulent altar of Gozag.
   646 | D:2      | Became a worshipper of Gozag Ym Sagoz the Greedy
   708 | D:2      | Reached skill level 2 in Stealth
   746 | D:2      | Found a shattered altar of Ashenzari.
   766 | D:2      | Found a basalt altar of Yredelemnul.
   766 | D:2      | Found a sacrificial altar of Ru.
   961 | D:2      | Reached XP level 4. HP: 31/31 MP: 4/4
  1127 | D:2      | Reached skill level 3 in Stealth
  1671 | D:3      | Reached skill level 4 in Stealth
  1671 | D:3      | Reached XP level 5. HP: 24/36 MP: 5/5
  1926 | D:3      | Noticed Robin
  1931 | D:3      | Reached skill level 5 in Stealth
  1947 | D:3      | Killed Robin
  1952 | D:3      | Reached skill level 6 in Stealth
  2298 | D:3      | Found a faded altar of an unknown god.
  2602 | D:4      | Noticed a phantom
  2604 | D:4      | Found a staircase to the Ecumenical Temple.
  2616 | D:4      | Reached XP level 6. HP: 34/42 MP: 6/6
  2625 | D:4      | Slain by a gnoll

Skill      XL: |  1  2  3  4  5 |
---------------+----------------+-----
Stealth        | 1 2 4 6 |  6.3
Fighting       | |  3.6
Axes           | |  2.7
Dodging        | |  3.5
Shields        | |  3.5

Action                   |  1- 3 |  4- 6 || total
-------------------------+-------+-------++-------
Melee: War axe           |    68 |    91 ||   159
       Tentacles         |     8 |    15 ||    23
       Constrict         |    12 |    20 ||    32
  Use: Scroll            |     7 |       ||     7
       Potion            |     2 |     1 ||     3
 Stab: Sleeping          |     4 |    12 ||    16
       Distracted        |       |     1 ||     1
  Eat: Ration            |       |     2 ||     2
Armor: Skin              |     6 |    24 ||    30
Dodge: Dodged            |    27 |    35 ||    62
Block: Shield            |    33 |    38 ||    71
